 Dungeon Crawl Stone Soup version 0.29.1-1-gd02db6906a (webtiles) character file.

Game seed: 4214728987344055209

92 gzilladon the Chopper (level 4, -9/41 HPs)
             Began as a Hill Orc Monk on Sept 26, 2022.
             Mangled by Pikel
             ... wielding a +1 whip of flaming
              (10 damage)
             ... on level 6 of the Dungeon.
             The game lasted 00:04:37 (1619 turns).

gzilladon the Chopper (Hill Orc Monk)               Turns: 1619, Time: 00:04:38

Health: -9/41      AC: 11    Str: 15    XL:     4   Next: 60%
Magic:  4/4        EV:  4    Int: 10    God:
Gold:   77         SH:  0    Dex: 13    Spells: 3/3 levels left

rFire   . . .      SeeInvis .   a - +0 hand axe
rCold   . . .      Faith    .   (no shield)
rNeg    . . .      Spirit   .   d - +0 plate armour
rPois   .          Reflect  .   (no helmet)
rElec   .          Harm     .   (no cloak)
rCorr   .          Rampage  .   k - +0 pair of gloves
Will    .....                   (no boots)
Stlth   ..........              (no amulet)
HPRegen 0.13/turn               (no ring)
MPRegen 0.09/turn               (no ring)

@: no status effects
A: no striking features
a: no special abilities


You were on level 6 of the Dungeon.
You visited 1 branch of the dungeon, and saw 6 of its levels.

You collected 77 gold pieces.

Inventory:

Hand Weapons
 a - a +0 hand axe (weapon)
Missiles
 j - 26 stones (quivered)
Armour
 b - a +0 robe
 d - a +0 plate armour (worn)
 f - a +0 chain mail of poison resistance
 k - a +0 pair of gloves (worn)
Scrolls
 e - a scroll of fog {unknown}
 g - 2 scrolls of blinking {unknown}
 i - a scroll of fear {unknown}
 l - a scroll of amnesia {unknown}
 n - a scroll of identify {unknown}
 o - 2 scrolls of teleportation {unknown}
Potions
 c - a potion of ambrosia
 h - a potion of berserk rage {unknown}
 m - 3 potions of haste {unknown}


   Skills:
 * Level 4.9 Fighting
 + Level 5.2 Axes
 * Level 1.0 Armour
 + Level 2.7 Dodging
 - Level 1.5 Stealth


You had 3 spell levels left.
You didn't know any spells.
Your spell library was empty.

Dungeon Overview and Level Annotations

Branches:
Dungeon (6/15)             Temple (0/1) D:5

Altars:
Cheibriados
Elyvilon
Hepliaklqana
Makhleb
Trog
Vehumet

Annotations:
D:6 Pikel


Message History

Pikel hits you with a +1 whip of flaming.
Pikel burns you. The adder bites you but does no damage.
You closely miss Pikel.
Pikel is lightly wounded.
You hit the adder. The adder bites you but does no damage.
Pikel hits you with a +1 whip of flaming.
Pikel burns you.
You hit Pikel but do no damage.
Pikel is lightly wounded.
You hit the adder. The adder bites you but does no damage.
Pikel barely misses you. The adder bites you but does no damage.
You hit Pikel.
Pikel is lightly wounded.
You hit the adder but do no damage. Pikel hits you but does no damage.
The adder bites you but does no damage.
You hit Pikel but do no damage.
Pikel is lightly wounded.
You hit the adder. Pikel hits you but does no damage.
The adder bites you but does no damage.
You closely miss Pikel.
Pikel is lightly wounded.
You closely miss the adder. The adder bites you but does no damage.
Pikel hits you with a +1 whip of flaming.
Pikel burns you.
* * * LOW HITPOINT WARNING * * *
The adder bites you but does no damage.
You barely miss the adder.
The adder is heavily wounded.
You hit Pikel but do no damage.
Pikel hits you with a +1 whip of flaming!
* * * LOW HITPOINT WARNING * * *
Pikel burns you.
* * * LOW HITPOINT WARNING * * *
The adder barely misses you.
You barely miss the adder.
The adder is heavily wounded.
You barely miss Pikel. Pikel hits you but does no damage.
The adder bites you but does no damage.
Pikel hits you with a +1 whip of flaming!
You die...

##########
......S@.#
#......K.......
#........#....#
......##.# ....
...... .# ..#
.....$ .. ..
..... .. .
..... ...


You could see Pikel and an adder.

Vanquished Creatures
  A jelly (D:5)
  An adder (D:4)
  2 dart slugs (D:1)
  5 orcs (D:3)
  3 ball pythons
  2 endoplasms
  3 goblins
  4 hobgoblins
  9 jackals
  A quokka (D:1)
  2 frilled lizards
  4 kobolds (D:1)
  4 rats
41 creatures vanquished.

Notes
Turn   | Place    | Note
-------+----------+-------------------------------------------
     0 | D:1      | gzilladon the Hill Orc Monk began the quest for the Orb.
     0 | D:1      | Reached XP level 1. HP: 19/19 MP: 1/1
    74 | D:1      | Reached XP level 2. HP: 26/27 MP: 2/2
   540 | D:3      | Found a bloodstained altar of Trog.
   554 | D:3      | Reached XP level 3. HP: 33/33 MP: 3/3
  1121 | D:3      | Found a hazy altar of Hepliaklqana.
  1126 | D:3      | Found a radiant altar of Vehumet.
  1130 | D:3      | Found a white marble altar of Elyvilon.
  1135 | D:3      | Found a burning altar of Makhleb.
  1146 | D:3      | Found a snail-covered altar of Cheibriados.
  1304 | D:4      | Reached XP level 4. HP: 37/41 MP: 4/4
  1355 | D:4      | Noticed an ogre
  1371 | D:5      | Entered Level 5 of the Dungeon
  1389 | D:5      | Found a staircase to the Ecumenical Temple.
  1403 | D:5      | Reached skill level 5 in Axes
  1403 | D:5      | Reached skill level 1 in Armour
  1600 | D:5      | Noticed Pikel
  1601 | D:5      | Noticed a lemure
  1602 | D:5      | Noticed a lemure
  1602 | D:5      | Noticed a lemure
  1603 | D:5      | Noticed a lemure
  1618 | D:6      | HP: 1/41 [Pikel/+1 whip of flaming (3)]
  1619 | D:6      | Mangled by Pikel

Illustrated notes

Levels and vault maps discovered:
D:1:      scummos_arrival_simple_crosswalls, layout_basic,
          shapermc_ecumenical_altar_totnotflames, glass_columns_a, minivault_25
D:2:      layout_basic
D:3:      layout_basic, nicolae_overflow_hallway_of_the_gods
D:4:      layout_loops_cross, solitary_fountain, kennysheep_generic_room_11
D:5:      layout_basic, nicolae_ru_great_annihilating_truth, temple_fountains,
          serial_park_tiny_2, uniq_pikel, uniq_crazy_yiuf_cottage,
          uniq_blork_the_orc
D:6:      layout_basic

Skill      XL: |  1  2  3  4 |
---------------+-------------+-----
Fighting       | 4 |  4.9
Axes           | 5 |  5.2
Armour         | 1 |  1.0
Dodging        | |  2.7
Stealth        | |  1.5

Action                   |  1- 3 |  4- 6 || total
-------------------------+-------+-------++-------
Melee: Hand axe          |    89 |    31 ||   120
       Punch             |     1 |       ||     1
Armor: Robe              |     3 |       ||     3
       Plate armour      |    84 |    30 ||   114
Dodge: Dodged            |    31 |    12 ||    43
